 Dungeon Crawl Stone Soup version 0.28-a0-1143-gcf6077d4cc (webtiles) character file.

Game seed: 16507876571772343752

0 spaghetti the Sneak (level 1, -2/18 HPs)
             Began as a Mummy Delver on Dec 14, 2021.
             Slain by a water moccasin zombie (6 damage)
             ... on level 3 of the Dungeon.
             The game lasted 00:00:37 (245 turns).

spaghetti the Sneak (Mummy Delver)                   Turns: 245, Time: 00:00:38

Health: -2/18      AC:  3    Str: 15    XL:     1   Next: 8%
Magic:  1/1        EV: 11    Int:  9    God:
Gold:   0          SH:  0    Dex: 13    Spells: 0/0 levels left

rFire   x . .      SeeInvis .     - Unarmed
rCold   + . .      Faith    .   (no shield)
rNeg    + + +      Spirit   .   a - +0 leather armour
rPois   ∞          Reflect  .   (no helmet)
rElec   .          Harm     .   (no cloak)
rCorr   .          Rampage  .   (no gloves)
Will    .....                   (no boots)
Stlth   ++........              (no amulet)
HPRegen 0.06/turn               (no ring)
MPRegen 0.07/turn               (no ring)

@: no status effects
A: cold resistance 1, negative energy resistance 3, torment resistance 2, heat
vulnerability 1, no potions
a: no special abilities


You were on level 3 of the Dungeon.
You visited 1 branch of the dungeon, and saw 3 of its levels.


Innate Abilities, Weirdness & Mutations

You are immune to poison.
Your flesh is cold resistant. (rC+)
You are immune to negative energy. (rN+++)
You are immune to unholy pain and torment.
You are vulnerable to heat. (rF-)
You do not drink.


   Skills:
 - Level 3.0 Fighting
 - Level 1.5 Dodging
 + Level 4.1 Stealth
 - Level 1.5 Unarmed Combat


You couldn't memorise any spells.
You didn't know any spells.
Your spell library was empty.

Inventory:

Hand Weapons
 c - a +0 whip {mace}
   (You took it off a kobold on level 3 of the Dungeon)
Missiles
 f - 3 stones (quivered) {throwing}
Armour
 a - a +0 leather armour (worn)
Wands
 e - a wand of digging (3)
Scrolls
 b - a scroll of fog
 d - a scroll of fear

Dungeon Overview and Level Annotations

Branches:
Dungeon (5/15)
 Temple: D:4-7

Altars:

## # #.. .##.# #.#
...$# ### #.#
.#####..# #.. #.#
.# #..# #.# #># .#
#..# #.#
########.# .# #..#
#.# #........# .#
#..# #.#
#.######## .# #..#
##.###@#
J#####..###..J.Z.#
.##..†.......#####
.##.##.#######
.......# ########


You could see a water moccasin zombie and an endoplasm.


Message History

You feel drawn to the Orb of Zot, downwards into the unfathomable depths...
Press ? for a list of commands and other information.
Found a fuming yellow potion.
Found a stone staircase leading down.
Unknown command.
A lemure comes into view.
Really read
c - a scroll of magic mapping {!r}?
As you read the scroll of magic mapping {!r}, it crumbles to dust.
You feel aware of your surroundings.
The lemure shouts!
Unknown command.
Unknown command.
Unknown command.
Found a stone staircase leading up.
You can't go up here!
There is a stone staircase leading up here.
You climb upwards.
Found a stone staircase leading up.
There is a stone staircase leading down here.
Unknown command.
Unknown command.
Unknown command.
Unknown command.
A quokka skeleton is nearby!
(D) Dungeon
Where to? (Enter - D:5 @ (x,y), ? - help)
A quokka skeleton is nearby!
Unknown command.
Unknown command.
There is a stone staircase leading up here.
You climb upwards.
There is a stone staircase leading down here.
Unknown command.
Unknown command.
Unknown command.
You start waiting.
Done waiting.
Unknown command.
A kobold comes into view. It is wielding a +0 whip.
A kobold is nearby!
The kobold shouts!
The kobold hits you with a +0 whip. 😕 HP[-2]
You take 2 damage, and now have 16/18 hp.
You hit the kobold but do no damage.
The kobold hits you with a +0 whip. 😕 HP[-1]
You take 1 damage, and now have 15/18 hp.
You barely miss the kobold. The kobold hits you but does no damage.
You hit the kobold.
You kill the kobold!
No target in view!
No target in view!
No target in view!
No target in view!
No target in view!
No target in view!
No target in view!
No target in view!
No target in view!
No target in view!
No target in view!
No target in view!
No target in view!
No target in view!
c - a +0 whip {mace};
f - 3 stones {throwing} You see here a kobold corpse. 😎 HP[+3]
Your hp is fully restored (18).
Found a stone staircase leading up.
A water moccasin zombie comes into view.
An endoplasm comes into view.
The water moccasin zombie bites you. 😕 HP[-4]
You take 4 damage, and now have 14/18 hp.
MASSIVE DAMAGE!! (PAUSE)
The endoplasm quivers.
You hit the water moccasin zombie.
Your punch misses the water moccasin zombie.
The water moccasin zombie bites you but does no damage.
You barely miss the water moccasin zombie.
The water moccasin zombie bites you.
* * * LOW HITPOINT WARNING * * *
You are too injured to fight recklessly! 😨 HP[-6]
You take 6 damage, and now have 8/18 hp.
MASSIVE DAMAGE!! (PAUSE) Unknown command.
You can't drink.
Okay, then.
Unknown command.
The water moccasin zombie bites you but does no damage.
The water moccasin zombie closely misses you. 😨 HP[+1]
The water moccasin zombie bites you.
* * * LOW HITPOINT WARNING * * *
😱 HP[-5]
You take 5 damage, and now have 4/18 hp.
MASSIVE DAMAGE!! (PAUSE)
The water moccasin zombie closely misses you.
The water moccasin zombie bites you.
You die...

Action                   || total
-------------------------++-------
Melee: Unarmed           ||     5
  Use: Scroll            ||     1
Armor: Leather armour    ||     3
Dodge: Dodged            ||     2

Levels and vault maps discovered:
D:3:      layout_loops_ring, tgw_kikubaaqudgha, amethyst_killhole,
          minmay_misc_feat_nine_boxes, uniq_crazy_yiuf_cottage, uniq_grinder,
          uniq_robin
D:4:      layout_cave_pods, moated_statue, uniq_natasha, uniq_edmund, uniq_ijyb,
          uniq_duvessa
D:5:      layout_basic, sword_in_stone, uniq_pikel

Notes
Turn   | Place    | Note
-------+----------+-------------------------------------------
     0 | D:5      | spaghetti the Mummy Delver began the quest for the Orb.
     0 | D:5      | Reached XP level 1. HP: 18/18 MP: 1/1
     0 | D:5      | magus.rc [v1.9.6]
     0 | D:5      | Noticed a lemure
   217 | D:3      | Noticed a water moccasin zombie
   235 | D:3      | HP: 4/18 [water moccasin zombie (5)]
   245 | D:3      | Slain by a water moccasin zombie

Vanquished Creatures
  A kobold (D:3)
1 creature vanquished.

Table legend:
 A = Non-vault XP
 B = Vault XP
 C = Vault XP percentage of total XP
 D = Non-vault monster count
 E = Vault monster count
 F = Vault count percentage of total count
                 A         B        C        D         E       F
            +---------+---------+-------+---------+---------+-------
      Total |       1 |       0 |   0.0 |       1 |       0 |   0.0
            +---------+---------+-------+---------+---------+-------
        D:3 |       1 |       0 |   0.0 |       1 |       0 |   0.0
            +---------+---------+-------+---------+---------+-------

Illustrated notes

Table legend:
 A = Kills in this place as a percentage of kills in entire the game.
 B = Kills by you in this place as a percentage of kills by you in the entire game.
 C = Kills by friends in this place as a percentage of kills by friends in the entire game.
 D = Other kills in this place as a percentage of other kills in the entire game.
 E = Experience gained in this place as a percentage of experience gained in the entire game.
 F = Experience gained in this place divided by the number of levels of this place that you have seen.
                   A       B       C       D       E      F
               +-------+-------+-------+-------+-------+----------------------
         Total | 100.0 | 100.0 |   N/A |   N/A | 100.0 |   0.3
       Dungeon | 100.0 | 100.0 |   N/A |   N/A | 100.0 |   0.3
               +-------+-------+-------+-------+-------+----------------------

Table legend: (Time is in decaauts)
 A = Elapsed time spent in this place.
 B = Non-inter-level travel time spent in this place.
 C = Inter-level travel time spent in this place.
 D = Time resting spent in this place.
 E = Time spent auto-exploring this place.
 F = Levels seen in this place.
 G = Mean time per level.
                   A        B        C        D        E       F      G
               +--------+--------+--------+--------+--------+-----+--------+
         Total |    244 |    240 |      4 |    100 |     78 |   3 |   81.3 |
       Dungeon |    244 |    240 |      4 |    100 |     78 |   3 |   81.3 |
               +--------+--------+--------+--------+--------+-----+--------+

Top non-repeatable levels by time:
     D:3: 217 daAuts
     D:5: 21 daAuts
     D:4: 5 daAuts
